 Dungeon Crawl Stone Soup version 0.23-a0-494-g91793a9 (webtiles) character file.

3693 theanonym the Basher (level 9, -1/74 HPs)
             Began as a Mummy Warper on Dec 4, 2018.
             Was a Priest of Yredelemnul.
             Slain by a gnoll shaman
             ... wielding a +0 trident
              (9 damage)
             ... in a bailey.
             The game lasted 00:19:18 (12258 turns).

theanonym the Basher (Mummy Warper)                Turns: 12258, Time: 00:19:18

Health: -1/74      AC: 21    Str: 18    XL:     9   Next: 90%
Magic:  13/13      EV:  7    Int: 12    God:    Yredelemnul [***...]
Gold:   160        SH:  0    Dex: 11    Spells: 8/13 levels left

rFire    . . .     SeeInvis .   a - +5 morningstar (protect)
rCold    + + .     Gourm    .   (no shield)
rNeg     + + +     Faith    +   c - +0 chain mail
rPois    ∞         Spirit   .   j - +0 helmet
rElec    .         Reflect  .   k - +2 cloak
rCorr    .         Harm     .   m - +1 pair of gloves
MR       +....                  (no boots)
Stlth    ..........             b - amulet of faith
HPRegen  0.22/turn              i - ring of protection from fire
MPRegen  0.13/turn              e - ring of protection from cold

@: protection aura
A: no food or potions, fire vulnerability, cold resistance 1, negative energy
resistance 3, torment resistance, unbreathing
a: Recall Undead Slaves, Injury Mirror, Animate Dead, Renounce Religion


Innate Abilities, Weirdness & Mutations

You do not eat or drink.
Your flesh is vulnerable to fire.
You are immune to poison.
Your flesh is cold resistant. (rC+)
You are immune to negative energy. (rN+++)
You are immune to unholy pain and torment.
You can survive without breathing.


   Skills:
 + Level 8.2 Fighting
 * Level 9.6 Maces & Flails
 - Level 0.7 Throwing
 - Level 0.7 Armour
 - Level 1.5 Dodging
 - Level 2.6 Spellcasting
 - Level 2.4 Translocations
 - Level 3.0 Invocations


You had 8 spell levels left.
You knew the following spells:

 Your Spells              Type           Power        Failure   Level  Hunger
e - Lesser Beckoning      Tloc           #.........   99%         3    N/A
l - Blink                 Tloc           N/A          91%         2    N/A

Your spell library contained the following spells:

 Spells                   Type           Power        Failure   Level  Hunger
 Animate Skeleton         Necr           N/A          98%         1    N/A
 Pain                     Necr           #...         98%         1    N/A
 Shroud of Golubria       Chrm/Tloc      #.........   98%         2    N/A
 Gell's Gravitas          Tloc           #.........   99%         3    N/A
 Teleport Other           Tloc           #.......     99%         3    N/A
 Vampiric Draining        Necr           #.........   100%        3    N/A
 Animate Dead             Necr           N/A          100%        4    N/A
 Passage of Golubria      Tloc           N/A          100%        4    N/A
 Regeneration             Chrm/Necr      Unusable     N/A         3    N/A

Skill      XL: |  1  2  3  4  5  6  7  8  9 |
---------------+----------------------------+-----
Maces & Flails | 2 3 4 5 6 8 9 |  9.6
Fighting       | 3 4 5 7 8 |  8.2
Invocations    | 3 |  3.0
Throwing       | |  0.7
Armour         | |  0.7
Dodging        | |  1.5
Spellcasting   | |  2.6
Translocations | |  2.4

Action                   |  1- 3 |  4- 6 |  7- 9 || total
-------------------------+-------+-------+-------++-------
Melee: Mace              |   207 |       |       ||   207
       Flail             |     3 |   332 |   171 ||   506
       Morningstar       |       |       |   305 ||   305
Throw: Tomahawk          |       |     5 |       ||     5
Invok: Animate Remains   |       |       |    15 ||    15
       Animate Dead      |       |       |     3 ||     3
Evoke: Wand              |       |       |     6 ||     6
  Use: Scroll            |     5 |     3 |    12 ||    20
 Stab: Paralysed         |       |       |    12 ||    12
Armor: Chain mail        |   178 |   308 |   348 ||   834
       Leather armour    |     1 |       |       ||     1
Dodge: Dodged            |   102 |   120 |   188 ||   410

Inventory:

Hand Weapons
 a - a +5 morningstar of protection (weapon)
   (You bought it in a shop on level 6 of the Dungeon)
Missiles
 s - a throwing net (quivered)
Armour
 c - a +0 chain mail (worn)
   (You found it on level 1 of the Dungeon)
 j - a +0 helmet (worn)
   (You found it on level 3 of the Dungeon)
 k - a +2 cloak (worn)
   (You found it on level 1 of the Dungeon)
 m - a +1 pair of gloves (worn)
   (You found it on level 6 of the Dungeon)
Jewellery
 b - an amulet of faith (around neck)
   (You found it on level 2 of the Dungeon)
 e - a ring of protection from cold (right hand)
   (You found it on level 4 of the Dungeon)
 i - a ring of protection from fire (left hand)
   (You took it off a goblin on level 3 of the Dungeon)
 q - an uncursed amulet of the acrobat
   (You found it on level 6 of the Dungeon)
Wands
 d - a wand of digging (3)
   (You found it on level 8 of the Dungeon)
 f - a wand of paralysis (4)
   (You found it on level 5 of the Dungeon)
 g - a wand of scattershot (6)
   (You found it on level 8 of the Dungeon)
 p - a wand of polymorph (6)
   (You found it on level 9 of the Dungeon)
Scrolls
 h - 4 scrolls of immolation
 l - a scroll of amnesia
 n - 7 scrolls of remove curse
 o - a scroll of fear
 r - a scroll of identify
 t - 6 scrolls of teleportation {!r}
 y - a scroll of magic mapping
 B - 6 scrolls of blinking You were in a bailey. You worshipped Yredelemnul. Yredelemnul was most pleased with you. You were not hungry. You visited 2 branches of the dungeon, and saw 10 of its levels. You also visited: Bailey. You collected 498 gold pieces. You spent 338 gold pieces at shops.

Dungeon Overview and Level Annotations

Branches:
Dungeon (9/15)             Temple (1/1) D:4
   Lair: D:8-11         Orc: D:9-12

Altars:
Ashenzari
Cheibriados
Dithmenos
Elyvilon
Fedhas
Gozag
Hepliaklqana
Kikubaaqudgha
Makhleb
Nemelex Xobeh
Okawaru
Qazlal
Ru
Sif Muna
Trog
Uskayaw
Vehumet
Wu Jian
Xom
Yredelemnul
Zin
The Shining One

Shops:
D:6 *   D:9 [

Annotations:
D:6 2 transporters, nixmar's ghost, novice GnSk

................≈♣
######'''######.≈♣
#..)# .≈♣ #...#
#≈♣ #...# ≈♣ ##'##
##...## ##.MZ..##
#..)g@..#
#..$8g..#
#.......#
##.....## ##...##
##+##


You could see a gnoll sergeant, a gnoll shaman, a friendly mummy and a friendly
hound zombie.

Notes
Turn   | Place    | Note
-------+----------+-------------------------------------------
     0 | D:1      | theanonym the Mummy Warper began the quest for the Orb.
     0 | D:1      | Reached XP level 1. HP: 16/16 MP: 4/4
   165 | D:1      | Reached skill level 2 in Maces & Flails
   185 | D:1      | Reached XP level 2. HP: 20/22 MP: 5/5
   897 | D:1      | Reached XP level 3. HP: 22/28 MP: 7/7
  1567 | D:2      | Noticed an earth elemental
  1705 | D:2      | Found a stormy altar of Qazlal.
  1705 | D:2      | Noticed an air elemental
  1709 | D:2      | Noticed a fire elemental
  1712 | D:2      | Noticed a water elemental
  1764 | D:1      | HP: 13/28 [gnoll/+0 flail (5)]
  1766 | D:1      | Reached skill level 3 in Maces & Flails
  1936 | D:2      | Reached skill level 3 in Fighting
  1936 | D:2      | Reached XP level 4. HP: 23/35 MP: 8/8
  1937 | D:2      | HP: 14/35 [gnoll/+0 flail (9)]
  2157 | D:2      | HP: 16/35 [gnoll/+0 whip (4)]
  2516 | D:3      | HP: 17/35 [jackal (2)]
  3069 | D:3      | HP: 17/35 [worm (7)]
  3073 | D:3      | Reached XP level 5. HP: 11/41 MP: 9/9
  4126 | D:4      | Noticed a sky beast
  4204 | D:4      | HP: 15/41 [orc priest/divine providence (14)]
  4212 | D:4      | HP: 14/41 [adder (1)]
  4217 | D:4      | HP: 10/41 [adder (4)]
  4222 | D:3      | HP: 8/41 [adder (1)]
  4227 | D:3      | HP: 3/41 [adder (3)]
  4233 | D:3      | HP: 1/41 [adder (3)]
  4763 | D:3      | HP: 20/41 [orc wizard/puff of flame (6)]
  4767 | D:3      | Reached skill level 4 in Maces & Flails
  5102 | D:4      | Noticed a phantom
  5143 | D:4      | HP: 17/42 [phantom (6)]
  5150 | D:4      | HP: 12/42 [phantom (6)]
  5161 | D:4      | Noticed an ogre
  5163 | D:4      | HP: 2/42 [ogre/cursed -3 giant club (7)]
  5555 | D:4      | Found a shimmering altar of Xom.
  5555 | D:4      | Found a shimmering altar of Xom.
  5555 | D:4      | Found a shimmering altar of Xom.
  5578 | D:4      | Reached XP level 6. HP: 42/48 MP: 10/10
  5609 | D:4      | Reached skill level 4 in Fighting
  5953 | D:4      | Found a radiant altar of Vehumet.
  5970 | D:4      | Found a shimmering altar of Xom.
  6051 | D:4      | Found a staircase to the Ecumenical Temple.
  6060 | Temple   | Entered the Ecumenical Temple
  6178 | Temple   | Became a worshipper of Yredelemnul the Dark
  6555 | D:4      | HP: 24/48 [sky beast (1)]
  6774 | D:5      | Entered Level 5 of the Dungeon
  6810 | D:5      | Killed a sky beast
  6810 | D:5      | Reached skill level 5 in Maces & Flails
  6821 | D:5      | Reached XP level 7. HP: 42/55 MP: 11/11
  7215 | D:5      | HP: 22/55 [sky beast (6)]
  7474 | D:5      | HP: 25/55 [phantom (4)]
  7478 | D:5      | HP: 9/55 [phantom (7)]
  7486 | D:5      | Reached skill level 5 in Fighting
  7821 | D:4      | Reached skill level 6 in Maces & Flails
  7975 | D:4      | Found a shimmering altar of Xom.
  7976 | D:4      | Found a shimmering altar of Xom.
  7977 | D:4      | Found a shimmering altar of Xom.
  7978 | D:4      | Found a shimmering altar of Xom.
  7989 | D:4      | Found a staircase to the Ecumenical Temple.
  8097 | D:4      | Found a radiant altar of Vehumet.
  8692 | D:6      | Reached XP level 8. HP: 43/64 MP: 12/12
  8881 | D:6      | Found a transporter.
  8881 | D:6      | Found a transporter.
  8881 | D:6      | Noticed nixmar's ghost (novice GnSk)
  8979 | D:6      | Reached skill level 7 in Maces & Flails
  9205 | D:6      | HP: 28/64 [ogre/+0 giant club (9)]
  9209 | D:6      | Reached skill level 6 in Fighting
  9385 | D:6      | Found Baveo's Assorted Antiques.
  9389 | D:6      | Bought a runed morningstar for 182 gold pieces
  9395 | D:6      | Bought a scroll of identify for 52 gold pieces
  9395 | D:6      | Bought a scroll of identify for 52 gold pieces
  9395 | D:6      | Bought a scroll of identify for 52 gold pieces
  9574 | D:6      | Learned a level 2 spell: Blink
  9578 | D:6      | Learned a level 3 spell: Lesser Beckoning
  9637 | D:6      | Noticed Edmund
  9649 | D:6      | Killed Edmund
  9721 | D:6      | Found a blossoming altar of Fedhas.
  9980 | D:7      | Reached * piety under Yredelemnul
 10138 | D:7      | Reached skill level 8 in Maces & Flails
 10196 | D:7      | Found a runed door.
 10200 | D:7      | Found a basalt altar of Yredelemnul.
 10257 | D:7      | Reached skill level 7 in Fighting
 10307 | D:7      | Reached XP level 9. HP: 71/72 MP: 13/13
 10909 | D:8      | HP: 31/72 [ogre/+0 giant club (25)]
 10913 | D:8      | Reached skill level 1 in Invocations
 10917 | D:8      | HP: 27/72 [orc/+0 trident (3)]
 10920 | D:8      | Reached ** piety under Yredelemnul
 11560 | D:8      | Noticed a queen bee
 11561 | D:8      | Reached skill level 2 in Invocations
 11563 | D:8      | Reached skill level 9 in Maces & Flails
 11568 | D:8      | Killed a queen bee
 11570 | D:8      | HP: 33/73 [killer bee (4)]
 11572 | D:8      | HP: 16/73 [killer bee (4)]
 11578 | D:8      | HP: 16/74 [killer bee (1)]
 11732 | D:8      | Reached skill level 8 in Fighting
 11942 | D:9      | Found a hazy altar of Hepliaklqana.
 11963 | D:9      | Found a stormy altar of Qazlal.
 11987 | D:9      | Found a burning altar of Makhleb.
 11992 | D:9      | Reached skill level 3 in Invocations
 12009 | D:9      | Found Reigoaha's Antique Armour Shop.
 12114 | D:9      | Reached *** piety under Yredelemnul
 12150 | D:9      | Found a flagged portal.
 12183 | Bailey   | Entered a bailey
 12190 | Bailey   | Received a gift from Yredelemnul (a mummy)
 12256 | Bailey   | HP: 27/74 [gnoll sergeant/+0 glaive (12)]
 12257 | Bailey   | HP: 8/74 [gnoll sergeant/+0 glaive (8)]
 12258 | Bailey   | Slain by a gnoll shaman

Vanquished Creatures
  A queen bee (D:8)
  A human (D:7)
  Edmund (D:6)
  A black bear (D:6)
  2 phantoms
  2 sky beasts (D:5)
  2 centaurs
  4 ogres
  A big kobold (D:9)
  3 bullfrogs
  2 gnoll sergeants (D:7)
  2 scorpions
  9 killer bees (D:8)
  2 crimson imps
  9 orc wizards
  6 hounds
  3 orc priests
  An iguana (D:6)
  A centaur skeleton (D:7)
  7 worker ants
  A hound skeleton (D:3)
  A worker ant zombie (D:9)
  17 gnolls
  9 adders
  An ooze (D:3)
  An adder zombie (D:7)
  2 adder skeletons
  7 worms
  A dart slug (D:1)
  A leopard gecko (D:4)
  18 orcs
  4 giant cockroaches
  5 goblins
  8 hobgoblins
  7 jackals
  14 kobolds
  4 quokkas
  3 ball pythons
  5 bats
  2 frilled lizards
  A leopard gecko skeleton (D:5)
  14 rats
186 creatures vanquished.

Vanquished Creatures (collateral kills)
  A gnoll sergeant (Bailey)
  3 killer bees (D:8)
  A crimson imp (D:8)
  An orc wizard (D:8)
  A gnoll (Bailey)
  A leopard gecko (D:8)
  6 orcs
  A plant (D:9)
15 creatures vanquished.

Vanquished Creatures (others)
  2 killer bee zombies (D:8)
  An ogre zombie (D:8)
  A worker ant zombie (D:8)
  An adder zombie (D:8)
  A gnoll zombie (D:7)
6 creatures vanquished.

Grand Total: 207 creatures vanquished

Table legend:
 A = Turns spent in this place as a percentage of turns spent in the entire game.
 B = Non-inter-level travel turns spent in this place as a percentage of non-inter-level travel turns spent in the entire game.
 C = Inter-level travel turns spent in this place as a percentage of turns spent in this place.
 D = Turns resting spent in this place as a percentage of non-inter-level travel turns spent in this place.
 E = Turns spent auto-exploring this place as a percentage of non-inter-level travel turns spent in this place.
 F = Non-inter-level travel turns spent in this place divided by the number of levels of this place that you've seen.
                   A       B       C       D       E      F
               +-------+-------+-------+-------+-------+----------------------
         Total | 100.0 | 100.0 |   5.5 |  42.1 |  39.5 | 1053.3
       Dungeon |  98.3 |  98.3 |   5.5 |  42.7 |  39.1 | 1265.7
        Temple |   1.1 |   1.0 |  11.1 |   0.0 |  95.0 | 120.0
        Bailey |   0.6 |   0.6 |   0.0 |  14.7 |  20.0 |  75.0
               +-------+-------+-------+-------+-------+----------------------
